 Dungeon Crawl Stone Soup version 0.29.1 (webtiles) character file.

Game seed: 2500742396669702033

518 qw the Chopper (level 7, -3/60 HPs)
             Began as a Minotaur Berserker on Sept 13, 2022.
             Was a Believer of Trog.
             Slain by an orc priest
             ... wielding a +0 trident
              (5 damage)
             ... on level 7 of the Dungeon.
             The game lasted 00:01:12 (4265 turns).

qw the Chopper (Minotaur Berserker)                 Turns: 4265, Time: 00:01:13

Health: -3/60      AC: 11    Str: 24    XL:     7   Next: 1%
Magic:  0/6        EV:  5    Int: 10    God:    Trog [**....]
Gold:   123        SH:  8    Dex:  9    Spells: 6/6 levels left

rFire   . . .      SeeInvis .   Y - +0 hand axe (elec)
rCold   . . .      Faith    .   d - +0 kite shield
rNeg    . . .      Spirit   +   n - +0 plate armour
rPois   .          Reflect  .   (helmet restricted)
rElec   .          Harm     .   (no cloak)
rCorr   .          Rampage  .   (no gloves)
Will    .....                   (no boots)
Stlth   ..........              k - amulet of guardian spirit
HPRegen 0.20/turn               i - +6 ring of intelligence
MPRegen 0.10/turn               (no ring)

@: on berserk cooldown, slowed, very slow
A: horns 2, retaliatory headbutt
a: Renounce Religion, Berserk, Trog's Hand


You were on level 7 of the Dungeon.
You worshipped Trog.
Trog was pleased with you.
You visited 1 branch of the dungeon, and saw 6 of its levels.

You collected 123 gold pieces.


Innate Abilities, Weirdness & Mutations

You have a pair of horns on your head.
You reflexively headbutt those who attack you in melee.


   Skills:
 - Level 4.4 Fighting
 - Level 7.0 Axes
 - Level 1.4 Throwing
 + Level 2.4 Armour
 - Level 2.1 Dodging
 - Level 5.3 Shields


You had 6 spell levels left.
You didn't know any spells.
Your spell library was empty.

Inventory:

Hand Weapons
 h - a +0 flail
 Y - a +0 hand axe of electrocution (weapon)
Armour
 d - a +0 kite shield (worn)
 n - a +0 plate armour (worn)
Jewellery
 e - a ring of fire
 i - a +6 ring of intelligence (left hand)
 k - an amulet of guardian spirit (around neck)
Scrolls
 a - a scroll of identify
Potions
 b - a potion of resistance
 c - a potion of mutation
 g - a potion of haste
 l - a potion of invisibility {unknown}
 m - a potion of curing
 p - a potion of lignification {unknown}

Dungeon Overview and Level Annotations

Branches:
Dungeon (7/15)             Temple (0/1) D:6

Altars:
Cheibriados
Hepliaklqana

Shops:
D:2 [

Annotations:
D:3 1 runed translucent door, Crazy Yiuf
D:7 Menkaure


Message History

You kill the orc!
Trog accepts your kill.
You hear a shout!
The centaur hits you. You block the centaur's attack.
Menkaure calls on the powers of darkness!
Your body is wracked with pain!
The centaur convulses!
You slash the centaur! Lightning courses through the centaur!
You feel the power of Trog in you as your rage grows.
You kill the centaur!
Trog accepts your kill.
Your Fighting skill increases to level 4!
You have reached level 7!
Found an escape hatch in the floor.
Things that are here:
a +0 dagger; a +0 leather armour A wight comes into view.
It is wielding a +5 short sword of freezing.
Found 11 gold pieces.
You feel a strong urge to attack something.
An orc priest comes into view. It is wielding a +0 trident.
A wight comes into view. It is wielding a +0 dire flail.
Found a tiny peridot amulet.
You feel your anger nearly subside.
You are no longer berserk.
You are exhausted.
You feel yourself slow down.
You slash Menkaure!
Menkaure is moderately damaged.
The orc priest calls upon Beogh to heal something.
Menkaure points at you and mumbles some strange words.
Pain shoots through your body!
The orc priest looks encouraged for a moment.
You hit Menkaure.
Menkaure is severely damaged.
Menkaure casts a spell at you. Pain shoots through your body!
Menkaure hits you.
You barely miss Menkaure.
Menkaure is severely damaged.
An orc comes into view. It is wielding a +0 dagger.
You block Menkaure's attack.
The orc priest hits you from afar with a +0 trident.
You die...

...#### ###
..........##.. #
...........#.# "#
.............####.##
................... #
........#........##..
........#.)..........
#.......#.)....(.....
#........#..@Mo....o
####.....%...z.(.....
...............z....#
####.#.<.##..#.....#.
#..[..........>$..
##....##..##..####
.....###...#..#
........ #.#....#
#.......... ...


You could see an orc warrior (wandering), Menkaure, 2 wights and an orc priest.

Vanquished Creatures
  An orc warrior (D:4)
  A centaur (D:7)
  A bullfrog (D:7)
  An orc priest (D:3)
  A hound (D:4)
  Terence (D:3)
  3 orc wizards
  Robin (D:3)
  2 adders (D:3)
  A gnoll (D:1)
  3 worms (D:3)
  4 dart slugs
  9 orcs
  3 endoplasms
  11 goblins
  9 hobgoblins
  7 kobolds
  3 quokkas (D:1)
  5 ball pythons
  4 bats
  A frilled lizard (D:2)
  A rat (D:1)
73 creatures vanquished.

Vanquished Creatures (others)
  2 plants (D:2)
2 creatures vanquished.

Grand Total: 75 creatures vanquished

Notes
Turn   | Place    | Note
-------+----------+-------------------------------------------
     0 | D:1      | qw the Minotaur Berserker began the quest for the Orb.
     0 | D:1      | Reached XP level 1. HP: 19/19 MP: 0/0
     0 | D:1      | 0 ||| qw: Version: 0.1-a-119-g272c26d
     0 | D:1      | 0 ||| qw: Game counter: 11309
     0 | D:1      | 0 ||| qw: Always use a shield: true
     0 | D:1      | 0 ||| qw: Do Orc after D:15 true
     0 | D:1      | 0 ||| qw: Do second Lair branch before Depths: true
     0 | D:1      | 0 ||| qw: Lair rune preference: random
     0 | D:1      | 0 ||| qw: Plans: Normal
     0 | D:1      | 0 ||| PLANNING D:1-11
   216 | D:1      | 216 ||| INVOKING Berserk.
   218 | D:1      | Reached skill level 4 in Axes
   658 | D:1      | Reached XP level 2. HP: 21/26 MP: 1/1
   769 | D:1      | 769 ||| Stepping ~*~*~tactically~*~*~ (stealth).
  1061 | D:1      | 1061 ||| INVOKING Berserk.
  1065 | D:1      | Reached skill level 5 in Axes
  1065 | D:1      | Reached XP level 3. HP: 31/31 MP: 2/2
  1138 | D:1      | 1138 ||| DROPPING +0 whip.
  1154 | D:1      | 1154 ||| UPGRADING to +0 leather armour.
  1164 | D:1      | 1164 ||| DROPPING +0 animal skin.
  1165 | D:1      | 1165 ||| READING 2 scrolls labelled WIKOREFFADGHI.
  1166 | D:1      | 1166 ||| READING scroll labelled ZUUTWI UNATZ.
  1313 | D:2      | Found a snail-covered altar of Cheibriados.
  1438 | D:2      | 1438 ||| Stepping ~*~*~tactically~*~*~ (stealth).
  1539 | D:2      | Found Ufearaq's Antique Armour Shop.
  1548 | D:2      | 1548 ||| SHOPLISTING chain mail (94 gold, have 41).
  1548 | D:2      | 1548 ||| SHOPLISTING pair of gloves (94 gold, have 41).
  1548 | D:2      | 1548 ||| SHOPLISTING scale mail (84 gold, have 41).
  1548 | D:2      | 1548 ||| SHOPLISTING sheer robe (119 gold, have 41).
  1873 | D:2      | 1873 ||| FLEEEEING.
  1874 | D:2      | 1874 ||| FLEEEEING.
  1875 | D:2      | 1875 ||| FLEEEEING.
  1877 | D:2      | 1877 ||| FLEEEEING.
  2053 | D:2      | 2053 ||| UPGRADING to +0 kite shield.
  2058 | D:2      | 2058 ||| UPGRADING to +6 ring of intelligence.
  2059 | D:2      | 2059 ||| READING scroll labelled VUS NEWKUIGGIM.
  2060 | D:2      | 2060 ||| READING 5 scrolls of identify.
  2060 | D:2      | 2060 ||| IDENTIFYING puce potion
  2061 | D:2      | 2061 ||| READING 4 scrolls of identify.
  2061 | D:2      | 2061 ||| IDENTIFYING murky grey potion
  2062 | D:2      | 2062 ||| DROPPING potion of degeneration.
  2167 | D:3      | 2167 ||| Stepping ~*~*~tactically~*~*~ (hiding).
  2179 | D:3      | Reached skill level 1 in Shields
  2290 | D:3      | 2290 ||| INVOKING Berserk.
  2293 | D:3      | Reached XP level 4. HP: 39/39 MP: 3/3
  2338 | D:3      | 2338 ||| Stepping ~*~*~tactically~*~*~ (stealth).
  2339 | D:3      | 2339 ||| Stepping ~*~*~tactically~*~*~ (stealth).
  2422 | D:3      | Reached skill level 3 in Shields
  2448 | D:3      | 2448 ||| Stepping ~*~*~tactically~*~*~ (stealth).
  2451 | D:3      | Noticed Robin
  2456 | D:3      | Reached ** piety under Trog
  2458 | D:3      | 2458 ||| INVOKING Berserk.
  2460 | D:3      | Killed Robin
  2723 | D:3      | 2723 ||| Stepping ~*~*~tactically~*~*~ (stealth).
  2724 | D:3      | 2724 ||| Stepping ~*~*~tactically~*~*~ (stealth).
  2726 | D:3      | 2726 ||| Stepping ~*~*~tactically~*~*~ (stealth).
  2731 | D:3      | 2731 ||| INVOKING Berserk.
  2734 | D:3      | Reached skill level 1 in Throwing
  2734 | D:3      | Reached XP level 5. HP: 29/45 MP: 4/4
  3015 | D:3      | Noticed Terence
  3018 | D:3      | 3018 ||| INVOKING Berserk.
  3021 | D:3      | Killed Terence
  3167 | D:3      | 3167 ||| Stepping ~*~*~tactically~*~*~ (hiding).
  3233 | D:3      | Found a runed translucent door.
  3234 | D:3      | Noticed Crazy Yiuf
  3339 | D:3      | Found a faded altar of an unknown god.
  3339 | D:3      | Found a faded altar of an unknown god.
  3339 | D:3      | Found a hazy altar of Hepliaklqana.
  3341 | D:3      | Found a faded altar of an unknown god.
  3341 | D:3      | Found a faded altar of an unknown god.
  3800 | D:3      | 3800 ||| UPGRADING to +0 chain mail.
  3810 | D:3      | 3810 ||| DROPPING +0 leather armour.
  3811 | D:3      | 3811 ||| DROPPING +0 ring mail.
  3812 | D:3      | 3812 ||| UPGRADING to amulet of guardian spirit.
  3817 | D:3      | 3817 ||| READING scroll labelled PULADEU ULOME.
  3818 | D:3      | 3818 ||| READING scroll labelled KOOMIUFUWU.
  3888 | D:3      | 3888 ||| DRINKING 2 lumpy dark potions.
  3889 | D:3      | 3889 ||| READING 3 scrolls of identify.
  3889 | D:3      | 3889 ||| IDENTIFYING murky red potion
  3890 | D:3      | 3890 ||| READING 2 scrolls of identify.
  3890 | D:3      | 3890 ||| IDENTIFYING white potion
  3911 | D:4      | Reached skill level 6 in Axes
  3955 | D:4      | Noticed an orc warrior
  3960 | D:4      | 3960 ||| INVOKING Berserk.
  3964 | D:4      | Killed an orc warrior
  3965 | D:4      | Reached XP level 6. HP: 51/51 MP: 3/5
  4220 | D:4      | You fall into a shaft and drop 3 floors!
  4221 | D:7      | 4221 ||| UPGRADING to +0 plate armour.
  4231 | D:7      | 4231 ||| DROPPING +0 chain mail.
  4232 | D:7      | 4232 ||| READING scroll labelled LOR YKATOPN.
  4236 | D:6      | 4236 ||| PLANNING SEWER
  4236 | D:6      | Found a staircase to the Ecumenical Temple.
  4242 | D:7      | 4242 ||| Stepping ~*~*~tactically~*~*~ (stealth).
  4249 | D:7      | Reached skill level 7 in Axes
  4249 | D:7      | 4249 ||| Stepping ~*~*~tactically~*~*~ (hiding).
  4255 | D:7      | 4255 ||| INVOKING Berserk.
  4256 | D:7      | 4256 ||| INVOKING Berserk.
  4256 | D:7      | Noticed Menkaure
  4259 | D:7      | Reached XP level 7. HP: 27/60 MP: 2/6
  4263 | D:7      | HP: 7/60 [Menkaure/nerve-wracking pain (11)]
  4264 | D:7      | HP: 2/60 [Menkaure (2)]
  4265 | D:7      | Slain by an orc priest

Levels and vault maps discovered:
D:1:      dpeg_arrival_round_b, layout_basic, minmay_misc_feat_alley
D:2:      layout_loops_ring, basic_altar, serial_shops, shop_fountains,
          hangedman_glass_teeth, hex_large, minmay_misc_feat_x,
          serial_bayou_lake_a
D:3:      layout_basic, nicolae_hepliaklqana_ecumenical_no_more, uniq_terence,
          uniq_robin, uniq_crazy_yiuf_cottage
D:4:      layout_basic
D:6:      layout_basic, lemuel_mausoleum_altar_yredelemnul,
          mainiacjoe_overflow_concentric_impassable,
          minmay_temple_entry_from_below_a, lightli_sewer_entry_pipes,
          kennysheep_generic_room_5
D:7:      layout_rooms, mainiacjoe_overflow_alcove_1, uniq_menkaure

Skill      XL: |  1  2  3  4  5  6 |
---------------+-------------------+-----
Axes           | 4 5 6 7 |  7.0
Shields        | 2 3 5 |  5.3
Throwing       | 1 |  1.4
Fighting       | 4 |  4.4
Armour         | |  2.4
Dodging        | |  2.1

Action                   |  1- 3 |  4- 6 |  7- 9 || total
-------------------------+-------+-------+-------++-------
Melee: Hand axe          |    78 |    81 |     3 ||   162
       Headbutt          |    11 |     6 |       ||    17
       Punch             |     1 |       |       ||     1
Throw: Javelin           |     9 |    16 |       ||    25
Invok: Berserk           |     3 |     5 |       ||     8
  Use: Scroll            |     5 |     5 |       ||    10
       Potion            |       |     1 |       ||     1
Armor: Animal skin       |     8 |       |       ||     8
       Leather armour    |    12 |    15 |       ||    27
       Chain mail        |       |     6 |       ||     6
       Plate armour      |       |     5 |       ||     5
Dodge: Dodged            |    35 |    17 |       ||    52
Block: Kite shield       |     4 |    40 |     1 ||    45

Table legend:
 A = Non-vault XP
 B = Vault XP
 C = Vault XP percentage of total XP
 D = Non-vault monster count
 E = Vault monster count
 F = Vault count percentage of total count
                 A         B        C        D         E       F
            +---------+---------+-------+---------+---------+-------
      Total |     667 |      73 |   9.9 |      60 |      13 |  17.8
            +---------+---------+-------+---------+---------+-------
        D:1 |      44 |       0 |   0.0 |      18 |       0 |   0.0
        D:2 |      14 |       0 |   0.0 |       7 |       0 |   0.0
        D:3 |     191 |      73 |  27.7 |      24 |      13 |  35.1
        D:4 |     217 |       0 |   0.0 |       8 |       0 |   0.0
        D:7 |     201 |       0 |   0.0 |       3 |       0 |   0.0
            +---------+---------+-------+---------+---------+-------
